Map: [ESL] Oceanborn

Players

Astrea - Winner!

  • Race: Protoss Protoss
  • Spawn Location: 5:00

Maplez

  • Race: Protoss Protoss
  • Spawn Location: 11:00

Event: ESL SC2 Masters 2024 Spring (Regional)

VOD

Have the link to the VOD?

Description

Time

  • Played on: April 12, 2024, 2:31 p.m.
  • Length: 6:20

All games in this series

Show
View Real Time Build Order
Export as new Build Order

Astrea Protoss - Winner!

Build Orders: Oracle Opening 

Get SALT Encoding   

  12  0:00  Probe  
  13  0:12  Probe  
  14  0:16  Pylon  
  14  0:24  Probe (Chrono Boost)  
  16  0:36  Probe (Chrono Boost), Gateway  
  16  0:43  Probe (Chrono Boost)  
  16  0:45  Assimilator  
  17  0:51  Probe  
  17  0:53  Assimilator  
  18  1:03  Probe  
  19  1:10  Forge  
  19  1:15  Probe  
  20  1:21  Zealot (Chrono Boost)  
  22  1:39  Cybernetics Core  
  22  1:46  Probe  
  23  1:58  Photon Cannon  
  23  2:19  Pylon, Warp Gate  
  23  2:33  Gateway  
  23  2:37  Probe  
  23  2:42  Stargate  
  22  2:49  Probe  
  23  2:53  Pylon  
  23  3:02  Probe  
  24  3:16  Probe  
  25  3:23  Oracle (Chrono Boost), Stalker  
  30  3:28  Probe  
  31  3:48  Probe  
  31  3:53  Oracle  
  35  3:59  Pylon  
  35  4:03  Robotics Facility  
  35  4:12  Stalker  
  37  4:29  Nexus  
  36  4:37  Stalker  
  38  4:41  Pylon, Probe  
  39  4:49  Immortal (Chrono Boost)  
  43  4:57  Probe  
  44  5:10  Shield Battery  
  44  5:18  Immortal (Chrono Boost)  
  48  5:24  Stalker  
  50  5:31  Probe  
  52  5:47  Warp Prism (Chrono Boost)  
  53  5:54  Probe x2  
  53  5:56  Stalker  
  57  6:07  Probe x2  
  59  6:11  Pylon  
Show
View Real Time Build Order
Export as new Build Order

Maplez Protoss 

Build Orders:  

Get SALT Encoding   

  12  0:00  Probe (Chrono Boost)  
  13  0:09  Probe (Chrono Boost)  
  14  0:16  Pylon  
  14  0:21  Probe  
  15  0:35  Forge  
  15  0:38  Probe  
  16  0:52  Pylon  
  16  0:54  Probe  
  17  1:02  Pylon  
  17  1:06  Pylon  
  17  1:16  Photon Cannon  
  16  1:33  Probe (Chrono Boost)  
  17  1:45  Probe (Chrono Boost)  
  18  1:52  Photon Cannon, Probe (Chrono Boost)  
  19  1:57  Gateway  
  19  1:58  Assimilator  
  19  2:02  Probe  
  19  2:16  Probe  
  19  2:21  Assimilator  
  20  2:29  Probe  
  21  2:37  Pylon  
  21  2:41  Probe  
  22  2:46  Pylon  
  21  2:51  Cybernetics Core  
  21  2:54  Probe  
  21  2:56  Gateway  
  22  3:06  Probe  
  22  3:10  Pylon  
  23  3:13  Pylon  
  23  3:19  Probe  
  24  3:25  Stalker (Chrono Boost)  
  24  3:27  Warp Gate (Chrono Boost)  
  24  3:29  Shield Battery  
  26  3:43  Twilight Council  
  26  3:44  Stalker  
  28  3:49  Stalker  
  30  4:03  Gateway  
  30  4:15  Blink (Chrono Boost)  
  30  4:42  Pylon  
  30  4:44  Probe  
  31  4:56  Probe  
  32  5:00  Gateway  
  27  5:08  Stalker  
  27  5:09  Stalker x2  
  28  5:22  Probe  
  29  5:34  Probe  
  30  5:43  Stalker  
  30  5:46  Probe  
  33  5:53  Stalker  
  35  6:02  Stalker  
  37  6:06  Probe  
Tags
 
Add a new tag
Caveats
  • Supply blocks, unpowered buildings, or Contaminate may cause inaccurate times.
  • Supply counts are checked every 10 seconds.